 Dungeon Crawl Stone Soup version 0.26-a0-651-gb41185065b (webtiles) character file.

Game seed: 10201729593914437488

274 Flugslaktarn the Chopper (level 6, -2/57 HPs)
             Began as a Deep Dwarf Fighter on Oct 4, 2020.
             Was an Initiate of Makhleb.
             Slain by an ogre
             ... wielding a +0 giant club
              (21 damage)
             ... on level 5 of the Dungeon.
             The game lasted 00:00:53 (1149 turns).

Flugslaktarn the Chopper (Deep Dwarf Fighter)       Turns: 1149, Time: 00:00:54

Health: -2/57      AC:  9    Str: 21    XL:     6   Next: 3%
Magic:  4/4        EV:  5    Int:  9    God:    Makhleb [......]
Gold:   96         SH:  9    Dex: 12    Spells: 5/5 levels left

rFire    . . .     SeeInvis .   a - +0 war axe
rCold    . . .     Faith    .   c - +0 kite shield
rNeg     . . .     Spirit   .   p - +0 chain mail
rPois    .         Reflect  .   (no helmet)
rElec    .         Harm     .   (no cloak)
rCorr    .         Rampage  .   (no gloves)
MR       .....                  (no boots)
Stlth    ..........             (no amulet)
HPRegen  0.00/turn              (no ring)
MPRegen  0.09/turn              (no ring)

@: lethally poisoned (-2 -> -2), non-regenerating
A: damage resistance, heal wounds, sense surroundings 1, no regeneration
a: Heal Wounds, Renounce Religion


You were on level 5 of the Dungeon.
You worshipped Makhleb.
Makhleb was noncommittal.
You visited 2 branches of the dungeon, and saw 6 of its levels.

You collected 96 gold pieces.

Inventory:

Hand Weapons
 a - a +0 war axe (weapon)
Armour
 b - a +0 scale mail
 c - a +0 kite shield (worn)
 p - a +0 chain mail (worn)
   (You found it on level 4 of the Dungeon)
Scrolls
 g - 4 scrolls of identify {unknown}
 h - 3 scrolls of remove curse {unknown}
 i - a scroll of fog {unknown}
 k - a scroll of teleportation {unknown}
 l - a scroll of enchant armour {unknown}
 m - a scroll of magic mapping {unknown}
 n - a scroll of fear {unknown}
Potions
 d - a potion of might
 e - a potion of stabbing {unknown}
 f - 2 potions of flight {unknown}
 j - a potion of invisibility {unknown}
 o - a potion of curing {unknown}
 q - a potion of heal wounds {unknown}
 r - a potion of magic {unknown}


   Skills:
 * Level 4.1 Fighting
 * Level 4.3 Axes
 + Level 4.2 Armour
 + Level 4.1 Shields
 + Level 0.6 Invocations


You had 5 spell levels left.
You didn't know any spells.
Your spell library was empty.

Dungeon Overview and Level Annotations

Branches:
Dungeon (5/15)             Temple (1/1) D:5

Altars:
Cheibriados
Dithmenos
Gozag
Hepliaklqana
Kikubaaqudgha
Makhleb
Nemelex Xobeh
Ru
Sif Muna
Uskayaw
Vehumet
Wu Jian
Xom
Yredelemnul
Zin
The Shining One


Innate Abilities, Weirdness & Mutations

You are resistant to damage.
You can heal yourself by infusing magical energy.
You passively map a small area around you.
You do not regenerate.


Message History

The giant cockroach barely misses you.
You are too injured to fight recklessly!
You are too injured to fight recklessly!
You are too injured to fight recklessly!
There are monsters nearby!
You feel much better.
The giant cockroach bites you but does no damage.
You block the ogre's attack.
Your magical essence is drained by the effort!
You feel much better. The giant cockroach bites you.
The ogre hits you with a +0 giant club!!
The giant cockroach barely misses you.
You hit the ogre but do no damage.
The ogre is heavily wounded.
You hit the scorpion. You hit the giant cockroach.
You block the giant cockroach's attack. The scorpion stings you.
You are poisoned.
The scorpion poisons you!
The ogre hits you with a +0 giant club!!
You die...

, #.#.## , ,.
.. ** *#.# ,
.#. ## #. *
.#.. .## #.# ,
,...#.. , , *
*#.... *
##.#.#* ##..sO#
.(##..s@.##
..........#
..##.....######
#.
*##.........#
#.### ,
......######.#
#.#.. * *####.#
#.# #...≈ #.
#.# #..≈≈ ..
#.# * #≈§ ..(
#.# ##≈≈


You could see an ogre, a scorpion and a giant cockroach.

Vanquished Creatures
  An ogre (D:4)
  A bullfrog zombie (D:5)
  A jelly (D:4)
  A bullfrog skeleton (D:4)
  A hound skeleton (D:5)
  2 adders (D:4)
  2 white imps (D:5)
  An ufetubus (D:5)
  An ooze (D:1)
  4 worms
  7 orcs
  2 giant cockroaches
  5 hobgoblins
  2 jackals (D:1)
  A ball python (D:4)
  2 frilled lizards
  2 goblins
  2 kobolds (D:1)
  3 rats
  A spectral orc (D:4)
42 creatures vanquished.

Notes
Turn   | Place    | Note
-------+----------+-------------------------------------------
     0 | D:1      | Flugslaktarn the Deep Dwarf Fighter began the quest for the
                  | Orb.
     0 | D:1      | Reached XP level 1. HP: 20/20 MP: 1/1
    88 | D:1      | Reached XP level 2. HP: 18/27 MP: 2/2
   241 | D:2      | Reached XP level 3. HP: 29/34 MP: 3/3
   374 | D:4      | Reached XP level 4. HP: 42/42 MP: 3/3
   506 | D:4      | Found a basalt altar of Yredelemnul.
   592 | D:4      | Found a hazy altar of Hepliaklqana.
   629 | D:4      | Noticed an ogre
   643 | D:4      | Killed an ogre
   643 | D:4      | Reached XP level 5. HP: 21/50 MP: 4/4
   905 | D:5      | Entered Level 5 of the Dungeon
   933 | D:5      | Found a staircase to the Ecumenical Temple.
   946 | Temple   | Entered the Ecumenical Temple
  1037 | Temple   | Became a worshipper of Makhleb the Destroyer
  1116 | D:5      | Reached XP level 6. HP: 33/57 MP: 5/5
  1146 | D:5      | HP: 2/57 [ogre/+0 giant club (24)]
  1149 | D:5      | Slain by an ogre

Illustrated notes

Levels and vault maps discovered:
D:1:      lightli_arrival_lavapool, layout_loops_ring
D:2:      layout_basic, lemuel_coloured_pillars_altar,
          nemelex_dance_club_becter, uniq_natasha
D:3:      layout_rooms, lightli_temple_of_fire, lemuel_crystal_altar,
          chequers_ecumenical_altar_twisty, portal_sewer_entry_f,
          corexii_corridor_pit
D:4:      layout_loops_ring, yredelemnul_forgotten_temple_becter,
          kennysheep_little_box
D:5:      layout_loops_ring, minmay_temple_entry_mist, serial_glass,
          glass_columns_b, glass_columns_a
Temple:   nicolae_temple_great_sept

Skill      XL: |  1  2  3  4 |
---------------+-------------+-----
Fighting       | 3 4 |  4.1
Axes           | 3 4 |  4.3
Armour         | 4 |  4.2
Shields        | 4 |  4.1
Invocations    | |  0.6

Action                   |  1- 3 |  4- 6 || total
-------------------------+-------+-------++-------
Melee: War axe           |    74 |    62 ||   136
 Abil: Heal Wounds       |     2 |     6 ||     8
Armor: Scale mail        |    33 |     5 ||    38
       Chain mail        |       |    28 ||    28
Dodge: Dodged            |    14 |    17 ||    31
Block: Kite shield       |    40 |    46 ||    86

Table legend: (Time is in decaauts)
 A = Elapsed time spent in this place.
 B = Non-inter-level travel time spent in this place.
 C = Inter-level travel time spent in this place.
 D = Time resting spent in this place.
 E = Time spent auto-exploring this place.
 F = Levels seen in this place.
 G = Mean time per level.
                   A        B        C        D        E       F      G
               +--------+--------+--------+--------+--------+-----+--------+
         Total |   1206 |   1092 |    114 |      0 |    763 |   6 |  201.0 |
       Dungeon |   1103 |   1022 |     81 |      0 |    696 |   5 |  220.6 |
        Temple |    102 |     69 |     33 |      0 |     67 |   1 |  102.0 |
               +--------+--------+--------+--------+--------+-----+--------+

Top non-repeatable levels by time:
     D:4: 609 daAuts
     D:1: 156 daAuts
     D:5: 155 daAuts
     D:2: 109 daAuts
  Temple: 102 daAuts
     D:3: 72 daAuts
